Unix NetHack Version 5.0.0-0 post-release - last build May 23 2026 06:08:33 (1c0ff79ee797540d5714e4e18072db0edd9e58ae,branch:main).

Game began 2026-05-24 13:44:42, ended 2026-05-24 14:09:05.

Fletchius, neutral male human Tourist

                                                   --------
                                                   ....F..|
         --------                                  |......|
         |..>....#                                 +...(..|
         |...|..|#                               ##|......|          ---------
         |......|#                               ##.......|          .???????|
         ---.----##                             ## ------.-         |.@??????|
            #     %                             ##       #         @i.+???+??|
            #     ###                    ------###       #         #|.?+??+??|
            #       ##--.-------#########-....|##        #      #### .??????+|
        ----.----    #|........|#        |...<.#         #      #    ---------
        |.......|    #|........|#      ##-....|#         #      #
        |......)-#   #-........|#      # |.....#         ##     #
        |.......|###  |.........######## |....|         -.-.-   #
        ---------  #  |........|#        ------         |.>.|####
                   #  ----------#                       |...-#
                   ##############                       |...|
                                                        |...|
                                                        -----

Fletchius the Sightseer     St:11 Dx:8 Co:16 In:15 Wi:6 Ch:18  Neutral
Dlvl:3  $:702 HP:0(25) Pw:13(13) AC:10 Xp:3 T:1540 

Latest messages:
 What do you want to write with? [- avyB or ?*] B
 You write in the dust with a tin wand.
 What do you want to write in the dust here? l
 What do you want to zap? [B or ?*] B
 You swap places with your kitten.
 You see here 3 gold pieces.
 $ - 3 gold pieces (702 in total).
 You swap places with your kitten.
 "Aloha, Fletchius!  Welcome to Rath Luirc's second-hand bookstore!"
 The homunculus bites!
 You swap places with your kitten.
 You swap places with your kitten.
 The kitten bites it.
 It misses the kitten.
 The kitten misses it.
 The kitten misses it.
 The kitten misses it.
 The kitten bites it.
 It misses the kitten.
 The kitten bites it.
 The kitten bites it.
 It misses the kitten.
 The kitten misses it.
 The kitten misses it.
 You hear some noises.
 You swap places with your kitten.
 You miss the homunculus.
 The homunculus bites!
 You miss the homunculus.
 The homunculus bites!
 You miss the homunculus.
 The homunculus bites!
 You miss the homunculus.
 The homunculus bites!
 You miss the homunculus.
 The homunculus bites!
 You hit the homunculus.
 The homunculus bites!
 You miss the homunculus.
 The homunculus bites!
 You are put to sleep by the homunculus!
 The homunculus bites!
 The homunculus bites!
 The homunculus bites!
 The homunculus bites!
 The homunculus bites!
 The homunculus bites!
 The homunculus bites!
 You die...
 Do you want your possessions identified? [ynq] (y) q

Inventory:
 Coins    ('$')
  $ - 702 gold pieces
 Weapons  (')')
  a - 33 +2 darts (at the ready)
  v - a +0 dart
  y - a blessed +2 scimitar
 Armor    ('[')
  l - an uncursed +0 Hawaiian shirt with a water nymph motif (being worn)
 Comestibles  ('%')
  b - an uncursed banana
  h - an uncursed clove of garlic
  d - 5 uncursed food rations
  g - an uncursed orange
  e - an uncursed pear
 Scrolls  ('?')
  z - an uncursed scroll of identify
  j - a blessed scroll of magic mapping
  k - 3 uncursed scrolls of magic mapping
 Potions  ('!')
  i - 2 uncursed potions of extra healing
  A - a blessed potion of sleeping
 Wands    ('/')
  B - a wand of stasis (0:4)
 Tools    ('(')
  n - an uncursed credit card
  m - an expensive camera (0:69)
  r - an uncursed tin whistle

Fletchius the Tourist's attributes:

Background:
 You were a Sightseer, a level 3 male human Tourist.
 You were neutral, nominally on a mission for The Lady
 who was opposed by Blind Io (lawful) and Offler (chaotic).
 You were right-handed.
 You were in the Dungeons of Doom, on level 3.
 You entered the dungeon 1540 turns ago.
 You had 49 experience points, 31 more were needed to attain level 4.

Basics:
 You had 0 out of 25 hit points.
 You had all 13 energy points (spell power).
 Your armor class was 10.
 Your wallet contained 702 zorkmids.
 Autopickup was off.

Final Characteristics:
 Your strength was 11 (limit:18/100).
 Your dexterity was 8 (limit:18).
 Your constitution was 16 (limit:18).
 Your intelligence was 15 (limit:18).
 Your wisdom was 6 (peak:7, limit:18).
 Your charisma was 18 (limit:18).

Final Status:
 You weren't hungry.
 You were unencumbered.
 You were bare handed.
 You were unskilled in bare handed combat.

Final Attributes:
 You had transgressed.
 You were unlucky.
 You are dead.

Miscellaneous:
 You didn't encounter any bones levels.
 Total elapsed playing time was 24 minutes and 22 seconds.

Major events:
 Turn
    1: Fletchius the neutral male human Tourist entered the dungeon
 1184: attained the rank of Sightseer (level 3)
 1540: killed by a homunculus, while sleeping

You didn't know any spells.

Skills:
 Fighting Skills
   bare handed combat [Unskilled]
   two weapon combat  [Unskilled]
   riding             [Unskilled]
 Weapon Skills
   dagger             [Unskilled]
   knife              [Unskilled]
   axe                [Unskilled]
   pick-axe           [Unskilled]
   short sword        [Unskilled]
   broadsword         [Unskilled]
   long sword         [Unskilled]
   two-handed sword   [Unskilled]
   saber              [Unskilled]
   mace               [Unskilled]
   morning star       [Unskilled]
   flail              [Unskilled]
   hammer             [Unskilled]
   quarterstaff       [Unskilled]
   polearms           [Unskilled]
   spear              [Unskilled]
   trident            [Unskilled]
   lance              [Unskilled]
   bow                [Unskilled]
   sling              [Unskilled]
   crossbow           [Unskilled]
   dart               [Basic]
   shuriken           [Unskilled]
   boomerang          [Unskilled]
   whip               [Unskilled]
   unicorn horn       [Unskilled]
 Spellcasting Skills
   divination spells  [Unskilled]
   enchantment spells [Unskilled]
   escape spells      [Unskilled]

Voluntary challenges:
 Character rerolling was not enabled.
 You were an atheist.
 You never hit with a wielded weapon.
 You never genocided any monsters.
 You never polymorphed an object.
 You never changed form.
 You used no wishes.
Achievements:
 You attained the rank of Sightseer.
 You entered a shop.

 The Dungeons of Doom: levels 1 to 3
    Level 1:
    Level 2:
    Level 3: <- You were here.
       A scroll shop, a grave.
       Final resting place for
          you, killed by a homunculus, while sleeping.


Vanquished creatures:
 an acid blob
  a hobgoblin
  2 giant rats
  3 garter snakes
  a gecko
  a jackal
  2 kobolds
  a goblin
  a sewer rat
  7 grid bugs
  a bat
  5 lichens
  a kobold zombie
  3 newts
30 creatures vanquished.

No species were genocided or became extinct.

Game over:
                       ----------
                      /          \
                     /    REST    \
                    /      IN      \
                   /     PEACE      \
                  /                  \
                  |    Fletchius     |
                  |      702 Au      |
                  |   killed by a    |
                  |    homunculus    |
                  |                  |
                  |                  |
                  |       2026       |
                 *|     *  *  *      | *
        _________)/\\_//(\/(/\)/\//\/|_)_______

Aloha Fletchius the Tourist...

You died in The Dungeons of Doom on dungeon level 3 with 596 points,
and 702 pieces of gold, after 1540 moves.
You were level 3 with a maximum of 25 hit points when you died.

